Map: 16-Bit LE

Players

Beaststrike

  • Race: Protoss Protoss
  • League: Diamond
  • Spawn Location: 1:00

BootyJorts - Winner!

  • Race: Zerg Zerg
  • League: Diamond
  • Spawn Location: 7:00

VOD

Have the link to the VOD?

Description

Time

  • Played on: June 21, 2018, 11:40 p.m.
  • Length: 22:10
Show
View Real Time Build Order
Export as new Build Order

Beaststrike Protoss 

Build Orders: Zealot Archon 

Get SALT Encoding   

  12  0:01  Probe  
  13  0:14  Pylon  
  13  0:18  Probe  
  14  0:30  Probe  
  15  0:36  Gateway  
  15  0:38  Probe  
  16  0:46  Probe  
  16  0:51  Assimilator  
  16  0:55  Probe  
  17  1:03  Probe  
  18  1:11  Probe  
  20  1:23  Probe  
  20  1:24  Cybernetics Core  
  21  1:29  Pylon  
  21  1:53  Adept  
  21  1:54  Nexus  
  21  2:04  Warp Gate  
  23  2:10  Assimilator  
  23  2:12  Probe  
  24  2:19  Sentry  
  26  2:24  Probe  
  27  2:30  Pylon  
  27  2:36  Probe  
  28  2:47  Gateway  
  28  2:49  Sentry, Probe  
  31  2:59  Gateway  
  31  3:03  Probe  
  32  3:08  Probe  
  33  3:15  Probe  
  33  3:16  Probe  
  34  3:25  Probe  
  34  3:27  Probe  
  34  3:33  Probe  
  36  3:39  Probe  
  36  3:40  Twilight Council  
  38  3:41  Probe  
  38  3:45  Pylon  
  39  3:51  Probe  
  39  3:52  Probe  
  41  3:57  Forge  
  41  4:02  Probe  
  41  4:03  Probe  
  43  4:10  Probe, Gateway  
  43  4:15  Probe  
  43  4:17  Charge  
  45  4:25  Zealot x2  
  45  4:27  Probe  
  45  4:28  Zealot  
  45  4:31  Probe  
  53  4:39  Probe  
  54  4:46  Nexus  
  54  4:52  Protoss Ground Weapons Level 1  
  54  5:01  Pylon x2, Probe x2  
  54  5:03  Assimilator  
  54  5:05  Pylon, Assimilator  
  56  5:08  Pylon  
  56  5:10  Pylon  
  56  5:21  Shield Battery  
  56  5:24  Shield Battery  
  56  5:31  Probe x2  
  56  5:35  Zealot  
  60  5:38  Templar Archives  
  60  5:40  Zealot  
  62  5:43  Probe  
  62  5:45  Probe  
  64  5:55  Probe  
  66  5:57  Psionic Storm, Probe  
  66  5:58  Gateway  
  66  6:07  Probe  
  66  6:08  Pylon  
  66  6:09  Probe  
  68  6:14  Gateway  
  68  6:17  Gateway  
  68  6:19  High Templar x2, Probe  
  68  6:21  Probe, Assimilator  
  68  6:23  Assimilator  
  68  6:24  Probe  
  75  6:27  High Templar  
  75  6:28  Protoss Ground Armor Level 1  
  75  6:31  Probe  
  78  6:38  High Templar  
  80  6:40  Probe  
  80  6:44  Gateway  
  80  6:45  Gateway  
  81  6:50  Pylon  
  81  6:53  Gateway  
  81  7:05  Zealot  
  81  7:06  Zealot x2  
  87  7:12  Zealot x2  
  91  7:17  Archon x2  
  91  7:18  Zealot  
  91  7:19  Zealot  
  93  7:30  Zealot x2  
  93  7:31  Zealot  
  93  7:32  Probe x2  
  95  7:41  High Templar x4  
  95  7:42  Probe  
  95  7:44  Probe x2  
  106  7:54  Probe  
  106  7:56  High Templar x2, Probe x2  
  113  8:02  Robotics Facility  
  113  8:06  Probe  
  113  8:08  Probe, Gateway, Protoss Ground Weapons Level 2  
  113  8:11  Pylon  
  113  8:12  Gateway  
  115  8:15  Pylon  
  115  8:20  High Templar  
  115  8:25  Stargate  
  117  8:34  Zealot x2  
  117  8:35  Zealot x2  
  117  8:36  Nexus  
  117  8:37  Pylon  
  117  8:38  Pylon, Photon Cannon  
  117  8:40  Warp Prism  
  125  8:44  Photon Cannon  
  125  8:45  Photon Cannon  
  127  9:01  Zealot x3  
  127  9:02  Zealot  
  128  9:10  Stalker  
  123  9:17  Stalker x4  
  121  9:32  Zealot x5  
  131  9:38  Probe x2  
  133  9:47  Oracle  
  133  9:59  Shield Battery x2  
  136  10:01  High Templar x5  
  136  10:02  High Templar  
  136  10:03  High Templar, Photon Cannon x2  
  150  10:09  Archon  
  150  10:10  Archon  
  150  10:11  Observer  
  150  10:20  Zealot x2  
  150  10:21  Zealot  
  157  10:25  Zealot  
  157  10:29  Observer  
  156  10:35  High Templar  
  156  10:36  High Templar  
  156  10:38  Zealot x4  
  156  10:39  Zealot  
  156  10:40  High Templar  
  156  10:41  Archon  
  170  10:45  Archon, Zealot x2  
  170  10:46  Zealot  
  172  10:59  Zealot x4  
  97  11:28  Archon x2  
  93  11:33  High Templar x5  
  93  11:34  Zealot x2  
  93  11:35  Zealot x4  
  93  11:37  Probe  
  93  11:38  Probe x2  
  114  11:44  Archon  
  114  11:45  Archon  
  110  11:58  Zealot x5  
  110  11:59  Zealot  
  122  12:11  High Templar  
  122  12:12  High Templar x3  
  122  12:15  Stalker  
  126  12:32  Protoss Ground Weapons Level 3  
  126  12:34  Assimilator x2  
  126  12:43  High Templar x2  
  130  12:44  Zealot x2  
  130  12:45  Zealot x6  
  130  12:47  Zealot  
  148  13:01  Zealot  
  148  13:05  Stalker x4  
  154  13:06  Zealot x3  
  151  13:25  Zealot x2  
  151  13:26  Zealot x5  
  164  13:30  Zealot x4  
  154  13:49  Zealot x3  
  154  13:53  Zealot x5  
  154  13:54  Zealot  
  164  14:01  Zealot x2  
  164  14:27  Pylon  
  164  14:28  Pylon  
  164  14:30  Pylon  
  164  14:32  Pylon  
  164  14:34  Pylon  
  164  14:45  Probe x4  
  168  14:52  Oracle  
  159  14:58  Observer  
  149  15:17  Observer  
  149  15:24  Zealot x6  
  149  15:25  Zealot x3  
  149  15:26  Zealot  
  149  15:27  Zealot x2  
  171  15:49  Stalker x2  
  123  15:50  Zealot x2  
  115  15:59  Stalker x4  
  115  16:00  Stalker x2  
  121  16:14  Stalker x4  
  121  16:15  Stalker x2  
  131  16:31  Zealot x4  
  131  16:32  Zealot x2  
  97  16:54  High Templar x4  
  97  16:55  High Templar x5  
  97  16:56  High Templar  
  97  16:57  Zealot  
  97  16:58  Zealot  
  97  16:59  Archon x2  
  97  17:00  Archon x2  
  121  17:02  Archon  
  95  17:25  Zealot  
  95  17:26  Zealot x2  
  95  17:27  Stalker x3  
  95  17:28  Stalker x2  
Show
View Real Time Build Order
Export as new Build Order

BootyJorts Zerg - Winner!

Build Orders: Hatch First, Lurkers 

Get SALT Encoding   

  12  0:08  Drone  
  12  0:13  Overlord  
  13  0:20  Drone  
  14  0:31  Drone x2  
  16  0:40  Drone  
  17  0:55  Hatchery  
  16  0:58  Drone  
  17  1:07  Drone  
  18  1:16  Spawning Pool  
  17  1:22  Drone  
  17  1:24  Drone  
  19  1:47  Hatchery, Drone  
  19  1:53  Drone  
  20  1:59  Overlord  
  20  2:07  Queen  
  22  2:13  Zergling x4  
  24  2:18  Drone x2  
  26  2:28  Drone  
  26  2:29  Drone  
  28  2:39  Drone  
  28  2:42  Drone  
  28  2:44  Queen  
  30  2:46  Queen  
  30  2:51  Overlord  
  34  2:55  Drone  
  35  3:00  Queen  
  35  3:03  Drone  
  38  3:13  Extractor  
  38  3:14  Extractor  
  38  3:18  Drone  
  38  3:19  Drone x2, Roach Warren  
  38  3:20  Drone  
  39  3:29  Drone x2  
  39  3:30  Drone  
  39  3:33  Overlord  
  42  3:43  Spore Crawler  
  42  3:44  Spore Crawler  
  42  3:45  Drone  
  42  3:46  Spore Crawler, Drone  
  42  3:47  Drone  
  42  3:52  Drone  
  42  3:54  Drone  
  42  3:55  Drone  
  45  3:57  Drone  
  46  4:03  Drone  
  46  4:04  Drone x2  
  46  4:06  Drone  
  50  4:22  Overlord x4  
  50  4:40  Drone x2  
  50  4:41  Drone x9  
  61  4:57  Lair  
  61  5:00  Drone  
  61  5:01  Evolution Chamber, Drone  
  61  5:03  Evolution Chamber  
  61  5:04  Roach x6  
  73  5:11  Roach  
  73  5:12  Roach x3  
  81  5:16  Extractor x2  
  81  5:18  Drone  
  81  5:19  Drone x2  
  82  5:22  Overlord  
  82  5:40  Spore Crawler, Roach x4  
  82  5:42  Overlord x4  
  89  5:47  Extractor  
  89  5:48  Extractor  
  89  5:49  Zerg Missile Weapons Level 1  
  87  5:51  Zerg Ground Armor Level 1  
  87  5:53  Drone x3  
  87  5:55  Overlord  
  90  6:02  Drone x3  
  90  6:03  Drone  
  94  6:05  Drone x4  
  94  6:06  Drone  
  94  6:09  Glial Reconstitution  
  99  6:16  Drone  
  99  6:17  Hydralisk Den, Drone  
  100  6:21  Drone x3  
  103  6:27  Roach  
  103  6:28  Roach x4  
  113  6:33  Zergling x2  
  113  6:34  Zergling x2  
  115  6:40  Pneumatized Carapace  
  115  6:41  Overseer  
  115  6:49  Spore Crawler  
  115  6:50  Grooved Spines, Spore Crawler  
  113  6:56  Roach x5  
  123  7:12  Roach x3  
  123  7:14  Overlord x5  
  112  7:33  Roach x8  
  112  7:34  Roach  
  108  7:45  Hydralisk  
  108  7:46  Hydralisk x7  
  124  8:01  Muscular Augments  
  124  8:05  Zerg Missile Weapons Level 2, Zerg Ground Armor Level 2  
  124  8:12  Extractor  
  123  8:13  Lurker Den  
  123  8:16  Drone x3, Extractor  
  123  8:17  Drone x3  
  127  8:23  Hydralisk x4  
  127  8:26  Roach  
  127  8:27  Roach  
  139  8:31  Hatchery  
  139  8:33  Drone x5  
  143  8:35  Drone  
  146  8:48  Roach  
  146  8:49  Roach x6  
  158  8:58  Infestation Pit  
  109  9:24  Metabolic Boost  
  99  9:39  Hydralisk x11  
  99  9:40  Hydralisk x6  
  133  9:51  Hydralisk x4  
  139  9:56  Lurker  
  139  9:59  Lurker  
  139  10:13  Lurker  
  142  10:14  Lurker x2  
  142  10:45  Roach  
  142  10:46  Roach x12  
  142  10:48  Overlord x8  
  168  10:54  Hive  
  168  10:58  Spire  
  168  10:59  Spire  
  140  11:15  Roach x9  
  140  11:16  Roach  
  138  11:24  Roach  
  138  11:25  Roach x5  
  140  11:44  Nydus Network  
  139  11:56  Overseer x2  
  139  12:00  Hydralisk  
  139  12:01  Hydralisk x11  
  141  12:02  Hydralisk  
  165  12:13  Zerg Flyer Weapons Level 1, Greater Spire  
  159  12:32  Lurker x3  
  162  12:47  Lurker  
  162  12:48  Lurker x5  
  168  12:55  Nydus Canal  
  168  13:01  Drone  
  168  13:02  Drone x5  
  168  13:03  Drone x2  
  176  13:17  Nydus Canal  
  176  13:25  Corruptor x6  
  164  13:55  Nydus Canal  
  158  14:07  Hydralisk  
  158  14:08  Hydralisk x11  
  182  14:16  Nydus Canal  
  182  14:23  Zerg Missile Weapons Level 3  
  182  14:25  Brood Lord  
  182  14:30  Nydus Canal  
  184  14:39  Hatchery, Extractor  
  184  14:43  Extractor  
  181  14:51  Brood Lord x4  
  189  14:55  Zergling x2  
  189  14:56  Zergling x20  
  200  15:00  Zerg Flyer Weapons Level 2  
  200  15:08  Spine Crawler  
  200  15:09  Spine Crawler  
  200  15:10  Spine Crawler x2  
  196  15:15  Spine Crawler x2  
  196  15:16  Spine Crawler  
  193  15:33  Brood Lord  
  171  16:01  Lurker x2  
  171  16:02  Lurker x10  
  178  16:44  Roach x5  
  178  16:45  Roach x5  
  178  16:46  Zergling x2  
  195  17:14  Hydralisk  
  195  17:15  Hydralisk x4  
  200  17:28  Hydralisk x3  
  197  17:46  Zerg Melee Weapons Level 1, Zerg Ground Armor Level 3  
  197  17:50  Corruptor  
  197  18:19  Pathogen Glands  
  197  18:20  Burrow  
  197  18:23  Spine Crawler  
  197  18:24  Spore Crawler  
  197  18:25  Spine Crawler, Brood Lord  
  197  18:27  Spine Crawler  
  197  18:32  Spore Crawler  
  197  18:34  Spore Crawler, Spine Crawler  
  197  18:37  Spine Crawler  
  197  18:39  Spine Crawler  
  197  18:47  Adaptive Talons  
  197  19:10  Zerg Flyer Weapons Level 3  
  197  19:11  Zerg Flyer Armor Level 1  
  197  19:16  Neural Parasite  
  197  19:42  Zerg Melee Weapons Level 2  
  197  19:44  Adrenal Glands  
  197  19:49  Hatchery, Extractor  
  197  19:52  Extractor  
  197  21:36  Spine Crawler x3  
  197  21:37  Spore Crawler  
  197  21:39  Spore Crawler  
  197  21:41  Overseer x2  
Tags
 
Add a new tag
Caveats
  • Supply blocks, unpowered buildings, or Contaminate may cause inaccurate times.
  • Supply counts are checked every 10 seconds.